 Dungeon Crawl Stone Soup version 0.25-a0-598-gc9c9e4cfe1 (webtiles) character file.

Game seed: 5809687390710735443, levelgen mode: deterministic

21 Esekla the Charlatan (level 2, 0/14 HPs)
             Began as a Spriggan Artificer on Mar 15, 2020.
             Slain by an adder (3 damage)
             ... on level 4 of the Dungeon.
             The game lasted 00:08:15 (1294 turns).

Esekla the Charlatan (Spriggan Artificer)           Turns: 1294, Time: 00:08:17

Health: 0/14       AC:  2    Str:  8    XL:     2   Next: 65%
Magic:  6/6        EV: 18    Int: 12    God:
Gold:   42         SH:  0    Dex: 13    Spells: 3/3 levels left

rFire    . . .     SeeInvis +   a - +0 short sword
rCold    . . .     Gourm    .   (shield restricted)
rNeg     . . .     Faith    .   b - +0 robe
rPois    +         Spirit   .   (helmet restricted)
rElec    .         Reflect  .   (no cloak)
rCorr    .         Harm     .   (gloves unavailable)
MR       .....                  (boots unavailable)
Stlth    ++........             k - amulet of regeneration
HPRegen  0.44/turn              g - ring of poison resistance
MPRegen  0.10/turn              l - -3 ring of dexterity (curse)

@: lethally poisoned (0 -> -1), very slightly contaminated, very quick
A: very small, unfitting armour, see invisible, herbivore, speed 3, slow
metabolism 2
a: no special abilities


You were on level 4 of the Dungeon.
You were not hungry.

You visited 1 branch of the dungeon, and saw 4 of its levels.

You collected 42 gold pieces.

Inventory:

Hand Weapons
 a - a +0 short sword (weapon)
Armour
 b - a +0 robe (worn)
 m - a +0 leather armour
Jewellery
 g - a ring of poison resistance (left hand)
 k - an amulet of regeneration (around neck)
 l - a cursed -3 ring of dexterity (right hand)
 n - an uncursed ring of stealth
Wands
 c - a wand of flame (15)
 d - a wand of enslavement (15)
 e - a wand of random effects (15)
Scrolls
 i - a scroll of noise
Potions
 h - a potion of degeneration {unknown}
 j - a potion of haste {unknown}
Comestibles
 f - 3 rations


   Skills:
 - Level 0.7 Fighting
 * Level 1.9 Short Blades
 * Level 3.8 Dodging
 + Level 1.5 Stealth
 * Level 1.3 Spellcasting
 - Level 4.0 Evocations


You had 3 spell levels left.
You didn't know any spells.
Your spell library was empty.

Dungeon Overview and Level Annotations

Branches:
Dungeon (4/15)             Temple (0/1) D:4

Altars:
Sif Muna


Innate Abilities, Weirdness & Mutations

You are very small and have problems with some larger weapons.
You are too small for most types of armour.
You have supernaturally acute eyesight. (SInv)
You are a herbivore.
You cover ground extremely quickly.
You need to consume almost no food.


Message History

g - a ring of poison resistance (left hand)
The adder bites you.
You are poisoned.
The adder poisons you!
You miss the adder.
The adder is moderately wounded.
You feel sick. The adder completely misses you.
You miss the adder.
The adder is moderately wounded.
You feel sick. The adder misses you.
You hit the adder.
The adder is heavily wounded.
The adder barely misses you.
You hit the adder.
The adder is almost dead.
You feel sick. The adder bites you.
* * * LOW HITPOINT WARNING * * *
You are more poisoned.
The adder poisons you! The adder bites you.
You die...

.................##..##
....#.##...Y......!.....
....####....##........$.
............# ..[......
......##....####........
....#####.....##........
.....# #..##..##........
...........#..YS.......#
..........##@.##...
#.....#..###...#
#.....#..# #..##
......#..# ...# # ....
.... .... ..##.. ... ..
.# ... ..


You could see a sky beast and an adder.

Vanquished Creatures
  An ooze (D:1)
  2 leopard geckos
  A ball python (D:1)
  3 bats
  2 goblins
  A kobold (D:1)
  A quokka (D:3)
  A frilled lizard (D:4)
  A quokka skeleton (D:4)
  2 rats
15 creatures vanquished.

Notes
Turn   | Place    | Note
-------+----------+-------------------------------------------
     0 | D:1      | Esekla the Spriggan Artificer began the quest for the Orb.
     0 | D:1      | Reached XP level 1. HP: 9/9 MP: 4/4
   422 | D:1      | Reached XP level 2. HP: 9/14 MP: 6/6
   428 | D:1      | Reached skill level 1 in Spellcasting
  1154 | D:3      | Found a shimmering blue altar of Sif Muna.
  1247 | D:4      | Found a staircase to the Ecumenical Temple.
  1265 | D:4      | Noticed a sky beast
  1294 | D:4      | Slain by an adder

Levels and vault maps discovered:
D:1:      lightli_arrival_lavapool, layout_basic
D:2:      layout_loops_corners, lemuel_round_altar
D:3:      layout_loops_cross, nicolae_overflow_crystal_walls,
          hangedman_decor_diamond_cutter, minmay_quantized
D:4:      layout_cave_pools, grunt_qazlal_clouds, minmay_temple_entry_hall,
          enter_ossuary_1, st_stairs_14

Skill      XL: |  1  2 |
---------------+-------+-----
Spellcasting   | 1 |  1.3
Fighting       | |  0.7
Short Blades   | |  1.9
Dodging        | |  3.8
Stealth        | |  1.5
Evocations     | |  4.0

Action                   || total
-------------------------++-------
Melee: Short sword       ||    76
  Use: Scroll            ||     2
 Stab: Sleeping          ||     1
Armor: Robe              ||    13
Dodge: Dodged            ||    84

Table legend:
 A = Non-vault XP
 B = Vault XP
 C = Vault XP percentage of total XP
 D = Non-vault monster count
 E = Vault monster count
 F = Vault count percentage of total count
                 A         B        C        D         E       F
            +---------+---------+-------+---------+---------+-------
      Total |      31 |       0 |   0.0 |      15 |       0 |   0.0
            +---------+---------+-------+---------+---------+-------
        D:1 |      19 |       0 |   0.0 |       7 |       0 |   0.0
        D:2 |       4 |       0 |   0.0 |       3 |       0 |   0.0
        D:3 |       3 |       0 |   0.0 |       2 |       0 |   0.0
        D:4 |       5 |       0 |   0.0 |       3 |       0 |   0.0
            +---------+---------+-------+---------+---------+-------
